 Dungeon Sprint DCSS version 0.29-a0-732-g3d7fbe0af2 (webtiles) character file.

Game seed: 7224335343828373535

119 Hipnos the Gusty (level 4, -3/22 (24) HPs)
             Began as a Deep Elf Air Elementalist on June 29, 2022.
             Slain by a necrophage (6 damage)
             ... in the Dungeon (Sprint II: "The Violet Keep of Menkaure").
             The game lasted 00:01:07 (43 turns).

Hipnos the Gusty (Deep Elf Air Elementalist)          Turns: 43, Time: 00:01:08

HP:   -3/22 (24)    AC:  2    Str:  5    XL:     4   Next: 73%
MP:   14/14         EV: 14    Int: 22    God:
Gold: 0             SH:  0    Dex: 15    Spells: 14/15 levels left

rFire   . . .      SeeInvis .     - Unarmed
rCold   . . .      Faith    .   (no shield)
rNeg    . . .      Spirit   .   a - +0 robe
rPois   .          Reflect  .   (no helmet)
rElec   .          Harm     .   (no cloak)
rCorr   .          Rampage  .   (no gloves)
Will    .....      NoTele   +   (no boots)
Stlth   +++.......              (no amulet)
HPRegen 0.07/turn               (no ring)
MPRegen 0.14/turn               (no ring)

@: on berserk cooldown, slowed, drained, very slow
A: no striking features
a: no special abilities


You were in the Dungeon.
You visited 1 branch

Inventory:

Armour
 a - a +0 robe (worn)
Scrolls
 g - a scroll of blinking
Potions
 b - 2 potions of magic
 e - a potion of haste


   Skills:
 + Level 0.3 Fighting
 + Level 4.9 Dodging
 + Level 4.4 Stealth
 + Level 1.1 Unarmed Combat
 + Level 6.0 Spellcasting
 + Level 1.5 Conjurations
 + Level 7.4 Air Magic


You had 14 spell levels left.
You knew the following spells:

 Your Spells              Type           Power      Damage    Failure   Level
a - Shock                 Conj/Air       100%       1d9       1%          1

Your spell library contained the following spells:

 Spells                   Type           Power      Damage    Failure   Level
 Swiftness                Air            39%        N/A       1%          3
 Static Discharge         Conj/Air       26%        N/A       2%          2
 Airstrike                Air            19%        N/A       4%          4


Dungeon Overview and Level Annotations

Branches:
Dungeon (1/1)

Altars:


Message History

You barely miss the necrophage. The necrophage hits you.
You barely miss the necrophage. You completely miss the necrophage.
The necrophage misses you.
You hit the necrophage.
The necrophage is lightly damaged.
You hit the necrophage.
The necrophage is moderately damaged.
You are no longer berserk.
You are exhausted.
You feel yourself slow down. The necrophage hits you!
* * * LOW HITPOINT WARNING * * *
You feel better. The necrophage hits you. The necrophage closely misses you.
Casting: Shock (safe; 1% risk of failure)
Confirm with . or Enter, or press ? or * to list all spells.
Aiming: Shock (safe; 1% risk of failure)
Press: ? - help, Shift-Dir - straight line The zap hits the necrophage.
The necrophage is heavily damaged.
The zap misses the necrophage.
The necrophage hits you.
You feel drained.
Casting: Shock (safe; 1% risk of failure)
Confirm with . or Enter, or press ? or * to list all spells.
Aiming: Shock (safe; 1% risk of failure)
Press: ? - help, Shift-Dir - straight line The zap hits the necrophage!
The necrophage is severely damaged.
The zap misses the necrophage.
The necrophage hits you.
* * * LOW HITPOINT WARNING * * *
You feel drained. The necrophage barely misses you.
Magic courses through your body. The necrophage hits you.
* * * LOW HITPOINT WARNING * * *
Casting: Shock (safe; 1% risk of failure)
Confirm with . or Enter, or press ? or * to list all spells.
Aiming: Shock (safe; 1% risk of failure)
Press: ? - help, Shift-Dir - straight line The zap hits the necrophage.
You destroy the necrophage!
The zap hits the necrophage.
The necrophage is lightly damaged.
The necrophage hits you.
You die...

# # ##. #+#
.##
#$B.##.##...#
#+.<@n$#
#.B.##.##...#
##. #+# .## #
.#. # l# #l
## ##


You could see a necrophage.

Vanquished Creatures
  3 necrophages (D)
3 creatures vanquished.

Notes
Turn   | Place    | Note
-------+----------+-------------------------------------------
     0 | D        | Hipnos the Deep Elf Air Elementalist began the quest for
                  | the Orb.
     0 | D        | Reached XP level 1. HP: 10/10 MP: 6/6
     3 | D        | Noticed a boulder beetle
     3 | D        | Noticed a boulder beetle
     7 | D        | Noticed a wyvern
     7 | D        | Noticed a wyvern
    11 | D        | Noticed a necrophage
    11 | D        | Noticed a necrophage
    11 | D        | Noticed a necrophage
    11 | D        | Noticed a necrophage
    27 | D        | Killed a necrophage
    28 | D        | Reached skill level 5 in Spellcasting
    28 | D        | Reached skill level 6 in Air Magic
    28 | D        | Reached XP level 2. HP: 14/15 MP: 1/10
    28 | D        | Reached XP level 3. HP: 18/19 MP: 1/11
    32 | D        | Killed a necrophage
    33 | D        | Reached skill level 1 in Unarmed Combat
    33 | D        | Reached skill level 7 in Air Magic
    33 | D        | Reached XP level 4. HP: 17/24 MP: 1/14
    43 | D        | Killed a necrophage
    43 | D        | Slain by a necrophage

Illustrated notes

Levels and vault maps discovered:
D:        the_violet_keep_of_menkaure [sprint2_stairs_cluster_1,
          sprint2_shoproom, sprint2_temple, sprint2_basic_supplies,
          sprint2_obstacle_6, sprint2_obstacle_1, sprint2_obstacle_2,
          sprint2_obstacle_7, sprint2_obstacle_5, sprint2_timed_cluster_1,
          sprint2_smallroom_cluster_1, sprint2_smallroom_final_cluster_1,
          sprint2_transparent_cluster_1, sprint2_second_timed_cluster_1,
          sprint2_sniper_area_1, sprint2_heavy_combat_area_1,
          sprint2_mutation_trap_area_1, sprint2_forest_area_1,
          sprint2_light_combat_area_1, sprint2_behind_water_1,
          sprint2_near_end_vault_1]

Skill      XL: |  1  2  3 |
---------------+----------+-----
Dodging        | 4 |  4.9
Stealth        | 3 4 |  4.4
Spellcasting   | 5 6 |  6.0
Air Magic      | 6 7 |  7.4
Unarmed Combat | 1 |  1.1
Fighting       | |  0.3
Conjurations   | |  1.5

Action                   |  1- 3 |  4- 6 || total
-------------------------+-------+-------++-------
Melee: Unarmed           |    13 |     5 ||    18
 Cast: Shock             |     6 |     3 ||     9
  Use: Potion            |     2 |     2 ||     4
Armor: Robe              |     1 |       ||     1
Dodge: Dodged            |     7 |     3 ||    10

Table legend: (Time is in decaauts)
 A = Elapsed time spent in this place.
 B = Non-inter-level travel time spent in this place.
 C = Inter-level travel time spent in this place.
 D = Time resting spent in this place.
 E = Time spent auto-exploring this place.
 F = Levels seen in this place.
 G = Mean time per level.
                   A        B        C        D        E       F      G
               +--------+--------+--------+--------+--------+-----+--------+
         Total |     38 |     38 |      0 |      0 |      0 |   1 |   38.0 |
       Dungeon |     38 |     38 |      0 |      0 |      0 |   1 |   38.0 |
               +--------+--------+--------+--------+--------+-----+--------+

Top non-repeatable levels by time:
       D: 38 daAuts
